 Dungeon Crawl Stone Soup version 0.23-a0-582-g1b4a0ca (webtiles) character file.

17957 Lanoc the Carver (level 12, -13/106 HPs)
             Began as a Minotaur Gladiator on Dec 16, 2018.
             Was a High Priest of Wu Jian.
             Mangled by an ettin
             ... wielding a +0 great mace
              (31 damage)
             ... on level 2 of the Orcish Mines.
             The game lasted 00:47:33 (12449 turns).

Lanoc the Carver (Minotaur Gladiator)              Turns: 12449, Time: 00:47:34

Health: -13/106    AC:  9    Str: 23    XL:     12   Next: 23%
Magic:  11/11      EV: 18    Int:  5    God:    Wu Jian [*****.]
Gold:   1056       SH:  0    Dex: 15    Spells: 11/11 levels left

rFire    + + .     SeeInvis .   N - +0 scimitar
rCold    + + .     Gourm    .   (no shield)
rNeg     . . .     Faith    +   B - +2 leather armour {MR+}
rPois    .         Spirit   .   c - +0 hat
rElec    .         Reflect  .   s - scarf {rC+ rF+}
rCorr    .         Harm     .   (no gloves)
MR       +....                  t - +2 pair of boots
Stlth    +.........             z - amulet of faith
HPRegen  0.27/turn              M - ring of flight
MPRegen  0.12/turn              A - ring of protection from cold

@: no status effects
A: retaliatory headbutt, hooves 1, horns 2, agile 1, fire resistance 1
a: Wall Jump, Serpent's Lash, Heavenly Storm, Renounce Religion, Evoke Flight


You were on level 2 of the Orcish Mines.
You worshipped Wu Jian.
Wu Jian was extremely pleased with you.
You were not hungry.

You visited 3 branches of the dungeon, and saw 14 of its levels.
You also visited: Ice Cave.

You collected 1056 gold pieces.

Inventory:

Hand Weapons
 a - a +0 long sword
 o - a +3 hunting sling
 y - a +0 fustibalus
 N - a +0 scimitar (weapon)
 Q - a +0 quick blade
Missiles
 d - 7 throwing nets (quivered)
 g - 320 arrows
 l - 31 bolts
 m - 110 sling bullets
 w - 194 stones
Armour
 c - a +0 hat (worn)
 s - a scarf of resistance (worn)
 t - a +2 pair of boots (worn)
 B - a +2 leather armour of magic resistance (worn)
 S - a +2 leather armour of fire resistance
 T - a +2 animal skin of cold resistance
Jewellery
 z - an amulet of faith (around neck)
 A - a ring of protection from cold (right hand)
 M - a ring of flight (left hand)
 P - an uncursed ring of ice
Wands
 b - a wand of paralysis (7)
 r - a wand of flame (67)
 H - a wand of random effects (18)
 I - a wand of disintegration (7)
 K - a wand of acid (20)
 O - a wand of iceblast (8)
Scrolls
 e - 2 scrolls of fear
 h - 4 scrolls of teleportation
 j - 5 scrolls of remove curse
 n - 2 scrolls of amnesia
 p - 2 scrolls of magic mapping
 u - 2 scrolls of enchant weapon {unknown}
 G - a scroll of noise {unknown}
 J - 2 scrolls of enchant armour {unknown}
 L - 2 scrolls of fog {unknown}
 R - 3 scrolls of silence {unknown}
Potions
 i - a potion of cancellation {unknown}
 k - a potion of curing
 q - a potion of lignification
 x - a potion of ambrosia {unknown}
 C - a potion of might
 D - a potion of haste {unknown}
 E - a potion of berserk rage {unknown}
 F - a potion of invisibility {unknown}
Comestibles
 f - 29 rations
 v - 11 chunks of flesh


   Skills:
 + Level 10.2 Fighting
 * Level 14.1 Long Blades
 + Level 8.8(9.0) Slings
 - Level 2.0(5.4) Throwing
 + Level 10.0 Armour
 + Level 9.7 Dodging


You had 11 spell levels left.
You didn't know any spells.
Your spell library contained the following spells:

 Spells                   Type           Power        Failure   Level  Hunger
 Animate Skeleton         Necr           N/A          52%         1    ##.....
 Apportation              Tloc           #.....       52%         1    ##.....
 Confusing Touch          Hex            #.....       52%         1    ##.....
 Flame Tongue             Conj/Fire      #....        52%         1    ##.....
 Magic Dart               Conj           #...         52%         1    ##.....
 Summon Small Mammal      Summ           #...         52%         1    ##.....
 Blink                    Tloc           N/A          65%         2    ###....
 Call Imp                 Summ           #.......     65%         2    ###....
 Searing Ray              Conj           #.....       65%         2    ###....
 Slow                     Hex            #.......     65%         2    ###....
 Conjure Flame            Conj/Fire      #.......     87%         3    ####...
 Mephitic Cloud           Conj/Pois/Air  #.......     87%         3    ####...
 Static Discharge         Conj/Air       #.......     87%         3    ####...
 Summon Guardian Golem    Hex/Summ       #.......     87%         3    ####...
 Cause Fear               Hex            #.........   99%         4    #####..
 Irradiate                Conj/Tmut      #.........   100%        5    ######.
 Hydra Form               Tmut           #.........   100%        6    #######
 Invisibility             Hex            #.......     100%        6    #######
 Statue Form              Tmut/Erth      #........    100%        6    #######
 Dragon Form              Tmut           #.........   100%        7    #######


Dungeon Overview and Level Annotations

Branches:
Dungeon (11/15)            Temple (1/1) D:7            Lair (0/6) D:8
    Orc (2/2) D:10            Elf (0/3) Orc:2

Altars:
Ashenzari
Cheibriados
Dithmenos
Elyvilon
Fedhas
Gozag
Hepliaklqana
Kikubaaqudgha
Makhleb
Nemelex Xobeh
Okawaru
Qazlal
Ru
Sif Muna
Trog
Uskayaw
Vehumet
Wu Jian
Xom
Yredelemnul
Zin

Shops:
D:7 [*([   D:8 %


Innate Abilities, Weirdness & Mutations

You reflexively headbutt those who attack you in melee.
You have a pair of horns on your head.
You have large cloven feet.
You are agile. (Dex +2)
Your flesh is heat resistant. (rF+)


Message History

Firing (i - inventory. (/) - cycle)
m - 111 sling bullets (quivered)
Press: ? - help, Shift-Dir - straight line, f/p - ettin
Aim: an ettin, wielding a +0 great mace and a +0 dire flail You shoot a sling bullet.
The sling bullet hits the ettin but does no damage.
Wield which item (- for none, * to show all)? (? for menu, Esc to quit)
N - a +0 scimitar (weapon)
Okay, then.
You slash the ettin!
The ettin is moderately wounded.
You slash the ettin! You headbutt the ettin!!
The ettin is severely wounded.
The ettin hits you with a +0 great mace!!!
The ettin hits you with a +0 dire flail!!!
* * * LOW HITPOINT WARNING * * *
You hit the ettin.
The ettin is severely wounded.
The ettin closely misses you. You furiously retaliate!
You headbutt the ettin.
The ettin hits you with a +0 dire flail!!
You die...

..### #....#..# ####..###
....####......###.......#
...###...∩....#.........####
##.........#).......#....#.##
##......###......###.#.....##
* #......#####.....####......#
###....(..#.........##....####
.#..#.....#................#
....##.......(.C@.........##
....##......#.##........###
...####....##.###....#.## ##.#
##..##### ##..#### **## ###*
###..# # *.## *##


You could see an ettin.

Vanquished Creatures
  A frost giant (IceCv)
  Harold (D:8)
  3 death yaks (IceCv)
  An ice statue (IceCv)
  Psyche (D:8)
  A gargoyle (D:10)
  2 rime drakes (Orc:2)
  13 polar bears (IceCv)
  Grinder (D:4)
  2 hippogriffs
  24 yaks
  Eustachio (D:6)
  Edmund (D:6)
  A warg (Orc:2)
  5 ice beasts
  5 orc warriors
  A phantom (D:4)
  A swamp drake (D:10)
  14 wolves
  An eye of draining (D:9)
  A sky beast (D:8)
  8 ogres
  6 centaurs
  2 big kobolds (D:10)
  2 bullfrogs
  2 scorpions
  4 wights (D:9)
  3 howler monkeys
  6 crimson imps
  5 hounds
  3 jellies
  A quasit (D:10)
  A centaur zombie (D:6)
  A bullfrog skeleton (D:4)
  8 orc priests
  Terence (D:3)
  9 orc wizards
  3 iguanas
  6 worker ants
  A hound skeleton (D:2)
  A worker ant zombie (D:5)
  14 adders
  A hound simulacrum (D:9)
  2 shadow imps
  A worker ant simulacrum (D:9)
  2 adder skeletons
  4 worms
  2 dart slugs
  5 leopard geckos
  57 orcs
  8 bats
  4 giant cockroaches
  12 goblins
  8 hobgoblins
  10 jackals
  10 kobolds
  5 quokkas
  3 ball pythons
  5 frilled lizards
  A leopard gecko skeleton (D:4)
  2 leopard gecko zombies
  A quokka skeleton (D:4)
  8 rats
319 creatures vanquished.

Vanquished Creatures (others)
  3 polar bears (IceCv)
  3 wolves (IceCv)
6 creatures vanquished.

Grand Total: 325 creatures vanquished

Notes
Turn   | Place    | Note
-------+----------+-------------------------------------------
     0 | D:1      | Lanoc the Minotaur Gladiator began the quest for the Orb.
     0 | D:1      | Reached XP level 1. HP: 18/18 MP: 0/0
    88 | D:1      | Reached XP level 2. HP: 22/25 MP: 1/1
   106 | D:1      | Reached skill level 4 in Long Blades
   271 | D:1      | Reached skill level 1 in Armour
   875 | D:2      | Reached XP level 3. HP: 30/30 MP: 2/2
   993 | D:2      | Reached XP level 4. HP: 21/38 MP: 3/3
  1031 | D:2      | Reached skill level 5 in Long Blades
  1074 | D:2      | Found an opulent altar of Gozag.
  1712 | D:3      | Found a basalt altar of Yredelemnul.
  1738 | D:3      | Reached XP level 5. HP: 32/45 MP: 4/4
  1834 | D:3      | Noticed Terence
  1848 | D:3      | Killed Terence
  2077 | D:3      | Found a shimmering altar of Xom.
  2079 | D:3      | Found a sacrificial altar of Ru.
  2184 | D:3      | Reached skill level 1 in Slings
  2650 | D:4      | Noticed an ogre
  2656 | D:4      | Killed an ogre
  2656 | D:4      | Reached XP level 6. HP: 52/52 MP: 5/5
  2684 | D:4      | Reached skill level 6 in Long Blades
  2710 | D:4      | Noticed Grinder
  2711 | D:4      | Paralysed by Grinder for 4 turns
  2819 | D:4      | Reached XP level 7. HP: 44/60 MP: 6/6
  2881 | D:4      | Found a bloodstained altar of Trog.
  3003 | D:4      | Killed Grinder
  3003 | D:4      | Reached skill level 7 in Long Blades
  3228 | D:5      | Entered Level 5 of the Dungeon
  3248 | D:5      | Reached skill level 5 in Dodging
  3268 | D:5      | Reached skill level 5 in Fighting
  3472 | D:5      | Reached XP level 8. HP: 62/68 MP: 7/7
  3642 | D:5      | Reached skill level 8 in Long Blades
  3762 | D:5      | Reached skill level 5 in Armour
  4347 | D:6      | Reached skill level 9 in Long Blades
  4412 | D:6      | Noticed Edmund
  4424 | D:6      | Killed Edmund
  4478 | D:6      | Reached XP level 9. HP: 70/75 MP: 8/8
  4549 | D:6      | Noticed Eustachio
  4561 | D:6      | Killed Eustachio
  4693 | D:7      | Found Sogarala's Antique Armour Boutique.
  4694 | D:7      | Found Deisuv's Weapon Shoppe.
  4853 | D:7      | Found a staircase to the Ecumenical Temple.
  4861 | D:7      | Found a faded altar of an unknown god.
  4870 | Temple   | Entered the Ecumenical Temple
  5038 | D:7      | Became a worshipper of the Wu Jian Council
  5038 | D:7      | Reached * piety under Wu Jian
  5069 | D:7      | Found Lyro's Assorted Antiques.
  5266 | D:7      | Reached skill level 5 in Slings
  5386 | D:7      | Found Gefimiv's Armour Shoppe.
  5494 | D:8      | Reached skill level 10 in Long Blades
  5809 | D:8      | Found a staircase to the Lair.
  5939 | D:8      | Noticed Harold
  5955 | D:8      | Gained mutation: Your flesh is heat resistant. (rF+)
                  | [potion of mutation]
  5955 | D:8      | Gained mutation: You have large cloven feet. [potion of
                  | mutation]
  5955 | D:8      | Gained mutation: You are agile. (Dex +2) [potion of
                  | mutation]
  5963 | D:8      | Killed Harold
  6187 | D:8      | Reached XP level 10. HP: 78/86 MP: 9/9
  6192 | D:8      | Found Ekiuporch's Food Shop.
  6200 | D:8      | Reached ** piety under Wu Jian
  6400 | D:8      | Noticed Psyche
  6761 | D:8      | Killed Psyche
  6761 | D:8      | Reached skill level 11 in Long Blades
  7344 | D:9      | Found a basalt altar of Yredelemnul.
  7656 | D:9      | Identified the Catalogue of Entrancing Confrontation
  7992 | D:10     | Entered Level 10 of the Dungeon
  8182 | D:10     | Noticed a gargoyle
  8192 | D:10     | Killed a gargoyle
  8192 | D:10     | Reached *** piety under Wu Jian
  8237 | D:10     | Found a staircase to the Orcish Mines.
  8461 | D:10     | Reached skill level 12 in Long Blades
  8885 | D:10     | Reached XP level 11. HP: 81/95 MP: 10/10
  8889 | D:10     | Reached **** piety under Wu Jian
  9042 | D:11     | Noticed a brown ugly thing
  9134 | Orc:1    | Entered Level 1 of the Orcish Mines
  9247 | Orc:2    | Entered Level 2 of the Orcish Mines
  9257 | Orc:2    | Noticed an ettin
  9284 | Orc:2    | Found a frozen archway.
  9296 | IceCv    | Entered an ice cave
  9707 | IceCv    | HP: 1/97 [ice statue/shard of ice (20)]
 10519 | IceCv    | Reached skill level 13 in Long Blades
 11447 | IceCv    | Noticed a death yak
 11464 | IceCv    | Killed a death yak
 11752 | IceCv    | Noticed a death yak
 11752 | IceCv    | Noticed a frost giant
 11752 | IceCv    | Noticed a death yak
 11769 | IceCv    | Killed a death yak
 11769 | IceCv    | Reached ***** piety under Wu Jian
 11775 | IceCv    | Killed a frost giant
 11775 | IceCv    | Reached skill level 10 in Fighting
 11775 | IceCv    | Reached XP level 12. HP: 23/106 MP: 11/11
 11780 | IceCv    | Killed a death yak
 11786 | IceCv    | Reached skill level 14 in Long Blades
 12406 | Orc:2    | Reached skill level 10 in Armour
 12449 | Orc:2    | Mangled by an ettin

Vault maps used:
D:1:      ebering_hopf_link
D:2:      old_standard_altar, dk_vineyard_1
D:3:      nicolae_overflow_hidden_temple, grunt_ministairs_12,
          serial_bayou_pond_c, minmay_joined_circles, uniq_terence
D:4:      lemuel_coloured_pillars_altar, due_unseen_surprise, uniq_grinder
D:5:      first_ration
D:6:      uniq_edmund, uniq_eustachio
D:7:      nicolae_temple_entry_ecumenical, serial_shops, shop,
          nicolae_shop_overgrown_old_shop, shop, shop
D:8:      dpeg_oklobed_lair, serial_shops, shop, grunt_ogre_cave, uniq_psyche,
          uniq_harold
D:9:      lemuel_ice_spiral_2, serial_ice, serial_ice_l, serial_ice_n,
          serial_ice_h, serial_ice_c, yredelemnul_altar_generic
D:10:     erik_orc_1, kennysheep_generic_room_13
D:11:     nicolae_trove_entry_diagonal, minmay_strange_pillars,
          kennysheep_kite_vault
Temple:   eino_temple_rhombus
Orc:1:    basic_altar, uniq_nergalle
Orc:2:    st_orc_town, gauntlet_entry_generic, portal_ice_cave_rime, basic_altar
IceCv:    ice_cave_caverns_02

Skill      XL: |  1  2  3  4  5  6  7  8  9 10 11 12 |
---------------+-------------------------------------+-----
Long Blades    | 4 5 6 7 9 10 12 13 14 | 14.1
Armour         | 1 2 3 4 5 7 8 9 10 | 10.0
Fighting       | 3 4 5 6 7 8 10 | 10.2
Dodging        | 4 5 6 7 8 9 |  9.7
Slings         | 1 2 3 4 5 7 8 |  8.8
Throwing       | |  2.0

Action                   |  1- 3 |  4- 6 |  7- 9 | 10-12 || total
-------------------------+-------+-------+-------+-------++-------
Melee: Long sword        |    64 |   156 |   254 |    65 ||   539
       Headbutt          |    12 |    23 |    65 |   141 ||   241
       Scimitar          |       |       |       |   461 ||   461
 Fire: Hunting sling     |       |       |       |    22 ||    22
Throw: Throwing net      |       |       |       |     1 ||     1
Invok: Lunge             |       |       |     7 |    17 ||    24
       Whirlwind         |       |       |     4 |    65 ||    69
       Serpent's Lash    |       |       |       |     1 ||     1
Evoke: Wand              |       |       |       |     2 ||     2
  Use: Scroll            |       |     2 |       |    11 ||    13
       Potion            |       |       |     3 |     7 ||    10
 Stab: Sleeping          |       |       |     1 |       ||     1
       Distracted        |       |       |       |     1 ||     1
  Eat: Chunk             |       |     6 |    10 |    22 ||    38
Armor: Leather armour    |    22 |    47 |    53 |   107 ||   229
Dodge: Dodged            |    59 |   108 |   201 |   353 ||   721
       Rpst.: Long sword |    14 |    34 |    64 |     6 ||   118
       Scimitar          |       |       |       |    73 ||    73

Table legend:
 A = Non-vault XP
 B = Vault XP
 C = Vault XP percentage of total XP
 D = Non-vault monster count
 E = Vault monster count
 F = Vault count percentage of total count
                 A         B        C        D         E       F
            +---------+---------+-------+---------+---------+-------
      Total |    9155 |   16499 |  64.3 |     235 |      84 |  26.3
            +---------+---------+-------+---------+---------+-------
        D:1 |      39 |       0 |   0.0 |      24 |       0 |   0.0
        D:2 |     119 |       0 |   0.0 |      24 |       0 |   0.0
        D:3 |      89 |      67 |  42.9 |      25 |      10 |  28.6
        D:4 |     497 |     267 |  34.9 |      28 |       1 |   3.4
        D:5 |    1146 |       0 |   0.0 |      21 |       0 |   0.0
        D:6 |     441 |     367 |  45.4 |      12 |       2 |  14.3
        D:7 |     696 |       0 |   0.0 |      17 |       0 |   0.0
        D:8 |    1118 |    1553 |  58.1 |      26 |       3 |  10.3
        D:9 |    1178 |     272 |  18.8 |      20 |       4 |  16.7
       D:10 |    3463 |     611 |  15.0 |      33 |      18 |  35.3
      Orc:2 |     369 |     779 |  67.9 |       5 |       2 |  28.6
      IceCv |       0 |   12583 | 100.0 |       0 |      44 | 100.0
            +---------+---------+-------+---------+---------+-------
